 Dungeon Crawl Stone Soup version 0.32-a0-630-g46d191b0ed (webtiles) character file.

Game seed: 441277653833935455

128 backslashecho the Ducker (level 5, -13/47 HPs)
             Began as a Gnoll Monk on Mar 7, 2024.
             Killed by an exploding giant cockroach (39 damage)
             ... ignited by their inner flame
             ... on level 3 of the Dungeon.
             The game lasted 00:03:36 (1712 turns).

backslashecho the Ducker (Gnoll Monk)               Turns: 1712, Time: 00:03:37

Health: -13/47     AC:  3    Str: 11    XL:     5   Next: 12%
Magic:  7/7        EV: 15    Int:  9    God:
Gold:   126        SH:  0    Dex: 16    Spells: 6/6 levels left

rFire   . . .        a - +1 falchion
rCold   . . .        d - orb {light}
rNeg    + . .        b - +1 robe
rPois   .            (no helmet)
rElec   .            (no cloak)
rCorr   .            (no gloves)
SInv    .            (no boots)
Will    +....        u - amulet of regeneration
Stlth   +            f - ring of positive energy
HPRegen 0.27/turn    l - ring of willpower
MPRegen 0.10/turn

%: no passive effects
@: glowing
A: fangs 1, strong nose, distributed training
a: no special abilities


You were on level 3 of the Dungeon.
You visited 1 branch of the dungeon, and saw 3 of its levels.

You collected 126 gold pieces.

Inventory:

Hand Weapons
 a - a +1 falchion (weapon)
Armour
 b - a +1 robe (worn)
 d - an orb of light (worn)
Jewellery
 f - a ring of positive energy (left hand)
 l - a ring of willpower (right hand)
 u - an amulet of regeneration (around neck)
Wands
 p - a wand of warping (11)
Potions
 c - a potion of ambrosia
 e - 2 potions of magic {unknown}
 g - 3 potions of haste
 i - 2 potions of invisibility {unknown}
 j - a potion of lignification {unknown}
 k - 2 potions of curing {unknown}
 o - a potion of resistance {unknown}


   Skills:
 + Level 6.7 Fighting
 + Level 1.4 Short Blades
 + Level 6.7 Long Blades
 + Level 1.4 Axes
 + Level 1.4 Maces & Flails
 + Level 1.4 Polearms
 + Level 1.4 Staves
 + Level 1.4 Ranged Weapons
 + Level 1.4 Throwing
 + Level 1.4 Armour
 + Level 6.7 Dodging
 + Level 1.4 Stealth
 + Level 1.4 Shields
 + Level 1.4 Unarmed Combat
 + Level 1.4 Spellcasting
 + Level 1.1 Conjurations
 + Level 1.1 Hexes
 + Level 1.1 Summonings
 + Level 1.1 Necromancy
 + Level 1.1 Translocations
 + Level 1.1 Fire Magic
 + Level 1.1 Ice Magic
 + Level 1.1 Air Magic
 + Level 1.1 Earth Magic
 + Level 1.1 Alchemy
 + Level 1.6 Invocations
 + Level 1.4 Evocations
 + Level 1.3 Shapeshifting


You had 6 spell levels left.
You didn't know any spells.
Your spell library contained the following spells:

 Spells                   Type           Power      Damage    Failure   Level
 Iskenderun's Battlesphe  Conj           2%         2d6       99%         5
 Bombard                  Conj/Erth      1%         9d1       100%        6
 Spellforged Servitor     Conj/Summ      1%         N/A       100%        7


Dungeon Overview and Level Annotations

Branches:
Dungeon (3/15)

Altars:


Innate Abilities, Weirdness & Mutations

You have very sharp teeth.
Your uncanny sense of smell can sniff out nearby items.
Your experience applies equally to all skills.


Message History

MP restored: 7 You slash the jackal!
You kill the jackal!
The orc completely misses you.
Things that are here:
a +0 whip; a jackal corpse; a jackal corpse You hit the orc.
The orc is heavily wounded.
The orc hits you with a +0 club.
You take 3 damage, and have 33/47 hp.
You barely miss the orc.
The orc is moderately wounded.
The orc closely misses you.
You hit the orc.
You kill the orc!
No target in view!
No target in view!
No target in view!
No target in view!
Things that are here:
a +0 club; 5 poisoned darts; a +0 ring mail An endoplasm comes into view.
The endoplasm quivers.
The rat squeaks loudly.
The endoplasm moves out of view.
The rat bites you but does no damage.
You see here an amulet of regeneration.
You slash the rat!
You kill the rat!
An orc comes into view. It is wielding a +0 whip.
u - an amulet of regeneration The orc shouts!
You hit the endoplasm.
The endoplasm is moderately wounded.
The endoplasm closely misses you.
You completely miss the endoplasm.
You bite the endoplasm, but do no damage.
The endoplasm is moderately wounded.
The endoplasm misses you.
You hit the endoplasm.
The endoplasm is almost dead.
The endoplasm barely misses you.
You slash the endoplasm!
You kill the endoplasm!
A bat comes into view.
Found an escape hatch in the ceiling.
The orc completely misses you.
You slash the orc!
You kill the orc!
The bat closely misses you. The bat hits you but does no damage.
You slash the bat!
You kill the bat!
No target in view!
No target in view!
Things that are here:
a +0 club; 5 poisoned darts; a +0 ring mail You start removing your amulet.
You continue removing your amulet of the acrobat. x4
You finish removing your amulet of the acrobat.
You start putting on your amulet.
You continue putting on your amulet of regeneration. x5
You finish putting on your amulet of regeneration.
u - an amulet of regeneration (around neck)
The amulet cannot attune itself to your injured body.
You regained 3 hp, and now have 42/47 hp.
l - a ring of willpower (right hand)
You drop an amulet of the acrobat.
You swing at nothing.
As you read the scroll labelled RIEBINKOMIA, it crumbles to dust.
It is a scroll of identify.
g - 3 potions of haste
As you read the scroll labelled NEZXOU MUENAD, it crumbles to dust.
You feel strangely unstable.
It was a scroll of teleportation.
As you read the scroll labelled COKKEXOMIZO, it crumbles to dust.
It is a scroll of enchant weapon.
Your +0 falchion glows red for a moment.
As you read the scroll labelled QUOFEO COEBB, it crumbles to dust.
Your body is wracked with pain!
It was a scroll of torment.
You take 17 damage, and have 26/47 hp.
MASSIVE DAMAGE!!
As you read the scroll labelled CONGEM OKKADE, it crumbles to dust.
It is a scroll of amnesia.
You feel forgetful for a moment.
Your surroundings suddenly seem different.
A giant cockroach, 2 orcs and an orc wizard come into view.
Found four items.
The orc wizard shouts!
The orc shouts!
You hear a shout!
As you read the scroll labelled ZATHRE XOUMU, it crumbles to dust.
The creatures around you are filled with an inner flame!
It was a scroll of immolation.
Aiming: Warp Space
Press: ? - help, Shift-Dir - straight line Space twists violently!
The rupture engulfs the orc wizard!
The orc wizard blinks!
Flame seeps out of the orc wizard.
The orc wizard is severely wounded.
The rupture engulfs the giant cockroach!
The rupture engulfs the orc!!
The orc explodes!
The giant cockroach explodes!
The fiery explosion engulfs you!!!
Ouch! That really hurt!
You die...

#..o.....)#
#.........#
..?.......#
#.........#
#......../#
#....§§§..#
#...§§§§..#
#..o§§§@..#
##..§§...##
##.....##
#######


You could see an orc wizard (inner flame) and an orc (inner flame).

Vanquished Creatures
  Natasha (D:2)
  An adder (D:2)
  A gnoll (D:2)
  3 dart slugs
  7 orcs (D:3)
  10 bats
  6 endoplasms
  5 giant cockroaches
  5 goblins
  5 hobgoblins
  9 jackals
  4 quokkas (D:1)
  2 ball pythons (D:2)
  3 frilled lizards
  A kobold (D:1)
  5 rats
68 creatures vanquished.

Notes
Turn   | Place    | Note
-------+----------+-------------------------------------------
     0 | D:1      | backslashecho the Gnoll Monk began the quest for the Orb.
     0 | D:1      | Reached XP level 1. HP: 23/23 MP: 1/1
    82 | D:1      | Reached XP level 2. HP: 22/29 MP: 2/2
   339 | D:1      | Reached XP level 3. HP: 34/35 MP: 3/3
   451 | D:1      | Reached skill level 1 in Invocations
   671 | D:1      | Reached skill level 1 in Short Blades
   671 | D:1      | Reached skill level 1 in Axes
   671 | D:1      | Reached skill level 1 in Maces & Flails
   671 | D:1      | Reached skill level 1 in Polearms
   671 | D:1      | Reached skill level 1 in Staves
   671 | D:1      | Reached skill level 1 in Ranged Weapons
   671 | D:1      | Reached skill level 1 in Throwing
   671 | D:1      | Reached skill level 1 in Armour
   671 | D:1      | Reached skill level 1 in Stealth
   671 | D:1      | Reached skill level 1 in Shields
   671 | D:1      | Reached skill level 1 in Unarmed Combat
   671 | D:1      | Reached skill level 1 in Spellcasting
   671 | D:1      | Reached skill level 1 in Evocations
   950 | D:2      | Reached skill level 1 in Shapeshifting
   950 | D:2      | Reached XP level 4. HP: 41/41 MP: 5/5
  1133 | D:2      | Noticed Natasha
  1142 | D:2      | Killed Natasha
  1143 | D:2      | Reached skill level 1 in Conjurations
  1143 | D:2      | Reached skill level 1 in Hexes
  1143 | D:2      | Reached skill level 1 in Summonings
  1143 | D:2      | Reached skill level 1 in Necromancy
  1143 | D:2      | Reached skill level 1 in Translocations
  1143 | D:2      | Reached skill level 1 in Fire Magic
  1143 | D:2      | Reached skill level 1 in Ice Magic
  1143 | D:2      | Reached skill level 1 in Air Magic
  1143 | D:2      | Reached skill level 1 in Earth Magic
  1143 | D:2      | Reached skill level 1 in Alchemy
  1652 | D:3      | Reached XP level 5. HP: 31/47 MP: 5/7
  1712 | D:3      | Killed by an exploding giant cockroach... ignited by their
                  | inner flame

Illustrated notes

Levels and vault maps discovered:
D:1:      minmay_arrival_arboretum_small, layout_basic
D:2:      layout_loops_ring, uniq_natasha
D:3:      layout_rooms, uniq_grinder

Skill      XL: |  1  2  3  4 |
---------------+-------------+-----
Invocations    | 1 |  1.6
Short Blades   | 1 |  1.4
Axes           | 1 |  1.4
Maces & Flails | 1 |  1.4
Polearms       | 1 |  1.4
Staves         | 1 |  1.4
Ranged Weapons | 1 |  1.4
Throwing       | 1 |  1.4
Armour         | 1 |  1.4
Stealth        | 1 |  1.4
Shields        | 1 |  1.4
Unarmed Combat | 1 |  1.4
Spellcasting   | 1 |  1.4
Evocations     | 1 |  1.4
Shapeshifting  | 1 |  1.3
Conjurations   | 1 |  1.1
Hexes          | 1 |  1.1
Summonings     | 1 |  1.1
Necromancy     | 1 |  1.1
Translocations | 1 |  1.1
Fire Magic     | 1 |  1.1
Ice Magic      | 1 |  1.1
Air Magic      | 1 |  1.1
Earth Magic    | 1 |  1.1
Alchemy        | 1 |  1.1
Fighting       | |  6.7
Long Blades    | |  6.7
Dodging        | |  6.7

Action                     |  1- 3 |  4- 6 || total
---------------------------+-------+-------++-------
  Melee: Falchion          |    91 |    57 ||   148
         Bite              |    11 |     7 ||    18
  Evoke: Wand              |       |     1 ||     1
    Use: Scroll            |     1 |     6 ||     7
   Stab: Sleeping          |     1 |       ||     1
 Armour: Robe              |    48 |    22 ||    70
  Dodge: Dodged            |    80 |    68 ||   148

Table legend: (Time is in decaauts)
 A = Elapsed time spent in this place.
 B = Non-inter-level travel time spent in this place.
 C = Inter-level travel time spent in this place.
 D = Time resting spent in this place.
 E = Time spent auto-exploring this place.
 F = Levels seen in this place.
 G = Mean time per level.
                   A        B        C        D        E       F      G
               +--------+--------+--------+--------+--------+-----+--------+
         Total |   1715 |   1523 |    192 |      0 |   1017 |   3 |  571.7 |
       Dungeon |   1715 |   1523 |    192 |      0 |   1017 |   3 |  571.7 |
               +--------+--------+--------+--------+--------+-----+--------+

Top non-repeatable levels by time:
     D:1: 791 daAuts
     D:2: 758 daAuts
     D:3: 165 daAuts
